SL
COLUMBUS TIDAL WAVES @ CHICAGO GOLD SOX
05/02/2019
 
TOP OF THE 1ST
Columbus Tidal Waves batting - Pitching for Chicago Gold Sox : LHP Wayne Craig
Pitching: LHP Wayne Craig
Batting: RHB Joseph Pate 0-0: Ball
1-0: Foul Ball, location: 2F
1-1: Ball
2-1: Called Strike
2-2: Foul Ball, location: 2F
2-2: Strikes out looking
Batting: RHB Florian Cesaresco 0-0: Called Strike
0-1: Foul Ball, location: 2F
0-2: Foul Ball, location: 2F
0-2: Strikes out swinging
Batting: RHB Cale Sutton 0-0: Called Strike
0-1: Ball
1-1: Ball
2-1: Ground out 6-3 (Groundball, 6)
Top of the 1st over - 0 run(s), 0 hit(s), 0 error(s), 0 left on base; Columbus 0 - Chicago 0
BOTTOM OF THE 1ST
Chicago Gold Sox batting - Pitching for Columbus Tidal Waves : RHP Luis Fernández
Pitching: RHP Luis Fernández
Batting: RHB Daniel Lallanilla 0-0: Called Strike
0-1: Foul Ball, location: 2F
0-2: Ball
1-2: Strikes out swinging
Batting: RHB Pablo Trujillo 0-0: Called Strike
0-1: Ball
1-1: Foul Ball, location: 2F
1-2: Foul Ball, location: 2F
1-2: Foul Ball, location: 2F
1-2: Ball
2-2: Ball
3-2: Foul Ball, location: 2F
3-2: Foul Ball, location: 2F
3-2: Foul Ball, location: 2F
3-2: Base on Balls
Batting: RHB Chris Smith 0-0: Ball
1-0: Ball
2-0: Called Strike
2-1: Foul Ball, location: 2F
2-2: Reached on error, E5 (Groundball, 5S)
Pablo Trujillo to second
Batting: LHB Herman Hayes 0-0: Ball
Pablo Trujillo steals 3rd base
1-0: Fielders Choice at 2nd, 6-4 (Groundball, 6)
Pablo Trujillo scores
Batting: LHB Noel Ballard 0-0: Called Strike
0-1: Ball
1-1: Ball
2-1: Swinging Strike
2-2: Strikes out looking
Bottom of the 1st over - 1 run(s), 0 hit(s), 1 error(s), 1 left on base; Columbus 0 - Chicago 1
TOP OF THE 2ND
Columbus Tidal Waves batting - Pitching for Chicago Gold Sox : LHP Wayne Craig
Batting: RHB Yong-oon Yi 0-0: Called Strike
0-1: Ground out 1-3 (Groundball, 15)
Batting: LHB Do-hyung Nam 0-0: Foul Ball, location: 2F
0-1: Ball
1-1: Called Strike
1-2: Ground out 6-3 (Groundball, 6M)
Batting: RHB Pepe Gómez 0-0: Ground out 1-3 (Groundball, 13)
Top of the 2nd over - 0 run(s), 0 hit(s), 0 error(s), 0 left on base; Columbus 0 - Chicago 1
BOTTOM OF THE 2ND
Chicago Gold Sox batting - Pitching for Columbus Tidal Waves : RHP Luis Fernández
Batting: RHB Tyrone Scott 0-0: SINGLE (Line Drive, 6M)
Batting: RHB John Farrell 0-0: Called Strike
0-1: Foul Ball, location: 2F
0-2: Foul Ball, location: 2F
0-2: Ball
1-2: Fielders Choice at 2nd, 3-6 (Groundball, 3)
Batting: RHB José Ramos 0-0: Swinging Strike
0-1: Ball
1-1: Called Strike
1-2: Foul Ball, location: 2F
1-2: Ground out 3-1 (Groundball, 34S)
John Farrell to second
Batting: LHB Wayne Craig 0-0: Swinging Strike
0-1: Called Strike
0-2: Fly out, F9 (Flyball, 89S)
Bottom of the 2nd over - 0 run(s), 1 hit(s), 0 error(s), 1 left on base; Columbus 0 - Chicago 1
TOP OF THE 3RD
Columbus Tidal Waves batting - Pitching for Chicago Gold Sox : LHP Wayne Craig
Batting: SHB Todd Schenkel 0-0: Called Strike
0-1: Ball
1-1: Bunt for hit - play at first, batter OUT! 1-4
Batting: RHB Joaquín Parra 0-0: Ball
1-0: Ball
2-0: TRIPLE (Flyball, 89M)
Batting: RHB Luis Fernández 0-0: Ball
1-0: Called Strike
1-1: Ball
2-1: Called Strike
2-2: Strikes out swinging
Batting: RHB Joseph Pate 0-0: Ball
1-0: Ground out 4-3 (Groundball, 4)
Top of the 3rd over - 0 run(s), 1 hit(s), 0 error(s), 1 left on base; Columbus 0 - Chicago 1
BOTTOM OF THE 3RD
Chicago Gold Sox batting - Pitching for Columbus Tidal Waves : RHP Luis Fernández
Batting: RHB Daniel Lallanilla 0-0: Foul Ball, location: 2F
0-1: Ball
1-1: Foul Ball, location: 2F
1-2: DOUBLE (Flyball, 78M)
Batting: RHB Pablo Trujillo 0-0: Ball
1-0: DOUBLE (Flyball, 9LM)
Daniel Lallanilla scores
Batting: RHB Chris Smith 0-0: Called Strike
0-1: Ball
1-1: Called Strike
1-2: Ball
2-2: Strikes out swinging
Batting: LHB Herman Hayes 0-0: Ball
Pablo Trujillo is caught stealing 3rd base
1-0: Ground out 4-3 (Groundball, 4M)
Bottom of the 3rd over - 1 run(s), 2 hit(s), 0 error(s), 0 left on base; Columbus 0 - Chicago 2
TOP OF THE 4TH
Columbus Tidal Waves batting - Pitching for Chicago Gold Sox : LHP Wayne Craig
Batting: RHB Florian Cesaresco 0-0: Ball
1-0: Swinging Strike
1-1: Swinging Strike
1-2: Foul Ball, location: 2F
1-2: Ball
2-2: Foul Ball, location: 2F
2-2: Foul Ball, location: 2F
2-2: Strikes out swinging
Batting: RHB Cale Sutton 0-0: Foul Ball, location: 2F
0-1: Ground out 1-3 (Groundball, 15)
Batting: RHB Yong-oon Yi 0-0: Ball
1-0: Called Strike
1-1: Called Strike
1-2: Strikes out swinging
Top of the 4th over - 0 run(s), 0 hit(s), 0 error(s), 0 left on base; Columbus 0 - Chicago 2
BOTTOM OF THE 4TH
Chicago Gold Sox batting - Pitching for Columbus Tidal Waves : RHP Luis Fernández
Batting: LHB Noel Ballard 0-0: Swinging Strike
0-1: Ball
1-1: Ball
2-1: Called Strike
2-2: Ball
3-2: Base on Balls
Batting: RHB Tyrone Scott 0-0: Ball
1-0: Called Strike
1-1: Ball
2-1: Called Strike
2-2: Ball
3-2: Foul Ball, location: 2F
3-2: SINGLE (Groundball, 4)
Noel Ballard to second
Noel Ballard to third
Batting: RHB John Farrell 0-0: Ball
Wild Pitch!
Noel Ballard scores
Tyrone Scott to second
1-0: Foul Ball, location: 2F
1-1: Ball
2-1: Foul Ball, location: 2F
2-2: Ball
3-2: Ground out 1-3 (Groundball, 23)
Tyrone Scott to third
Batting: RHB José Ramos 0-0: Ball
1-0: Ball
2-0: Ball
3-0: Called Strike
3-1: Base on Balls
Batting: LHB Wayne Craig 0-0: Called Strike
0-1: Called Strike
0-2: Foul Ball, location: 2F
0-2: Foul Ball, location: 2F
0-2: Ball
1-2: Grounds into double play, 6-4-3 (Groundball, 6M)
Bottom of the 4th over - 1 run(s), 1 hit(s), 0 error(s), 1 left on base; Columbus 0 - Chicago 3
TOP OF THE 5TH
Columbus Tidal Waves batting - Pitching for Chicago Gold Sox : LHP Wayne Craig
Batting: LHB Do-hyung Nam 0-0: Called Strike
0-1: Called Strike
0-2: Ball
1-2: Ball
2-2: Ground out 4-3 (Groundball, 4)
Batting: RHB Pepe Gómez 0-0: Swinging Strike
0-1: Ball
1-1: Foul Ball, location: 2F
1-2: Strikes out swinging
Batting: SHB Todd Schenkel 0-0: Foul Ball, location: 2F
0-1: SINGLE (Line Drive, 56)
Batting: RHB Joaquín Parra 0-0: Called Strike
0-1: Ground out U3 (Groundball, 3L)
Top of the 5th over - 0 run(s), 1 hit(s), 0 error(s), 1 left on base; Columbus 0 - Chicago 3
BOTTOM OF THE 5TH
Chicago Gold Sox batting - Pitching for Columbus Tidal Waves : RHP Luis Fernández
Batting: RHB Daniel Lallanilla 0-0: Ground out 6-3 (Groundball, 6)
Batting: RHB Pablo Trujillo 0-0: Called Strike
0-1: Foul Ball, location: 2F
0-2: Ball
1-2: Strikes out swinging
Batting: RHB Chris Smith 0-0: Ball
1-0: Ball
2-0: Foul Ball, location: 2F
2-1: DOUBLE (Popup, 9LS)
Batting: LHB Herman Hayes 0-0: Ball
1-0: Ball
2-0: Ball
3-0: Called Strike
3-1: Base on Balls
Batting: LHB Noel Ballard 0-0: Ball
1-0: Ground out 1-3 (Groundball, 25)
Bottom of the 5th over - 0 run(s), 1 hit(s), 0 error(s), 2 left on base; Columbus 0 - Chicago 3
TOP OF THE 6TH
Columbus Tidal Waves batting - Pitching for Chicago Gold Sox : LHP Wayne Craig
Batting: RHB Luis Fernández 0-0: Foul Ball, location: 2F
0-1: Called Strike
0-2: Ball
1-2: Foul Ball, location: 2F
1-2: Strikes out looking
Batting: RHB Joseph Pate 0-0: Ball
1-0: Swinging Strike
1-1: Swinging Strike
1-2: Foul Ball, location: 2F
1-2: Foul Ball, location: 2F
1-2: Ball
2-2: Foul Ball, location: 2F
2-2: Ground out 1-3 (Groundball, 13S)
Batting: RHB Florian Cesaresco 0-0: Called Strike
0-1: DOUBLE (Line Drive, 89M)
Batting: RHB Cale Sutton 0-0: Ball
1-0: Ball
2-0: Foul Ball, location: 2F
2-1: Fly out, F9 (Flyball, 89XD)
Top of the 6th over - 0 run(s), 1 hit(s), 0 error(s), 1 left on base; Columbus 0 - Chicago 3
BOTTOM OF THE 6TH
Chicago Gold Sox batting - Pitching for Columbus Tidal Waves : RHP Luis Fernández
Batting: RHB Tyrone Scott 0-0: Ground out 6-3 (Groundball, 6M)
Batting: RHB John Farrell 0-0: Foul Ball, location: 2F
0-1: Ball
1-1: Ball
2-1: Ball
3-1: Reached on error, E4 (Groundball, 13)
Batting: RHB José Ramos 0-0: Ball
John Farrell steals 3rd base
1-0: Called Strike
1-1: Ball
2-1: Foul Ball, location: 2F
2-2: Ball
3-2: Fly out, F7 (Flyball, 7D)
Runner from 3rd tags up, SCORES, no throw
Batting: LHB Wayne Craig 0-0: Swinging Strike
0-1: Swinging Strike
0-2: Ball
1-2: Ground out 5-3 (Groundball, 56)
Bottom of the 6th over - 1 run(s), 0 hit(s), 1 error(s), 0 left on base; Columbus 0 - Chicago 4
TOP OF THE 7TH
Columbus Tidal Waves batting - Pitching for Chicago Gold Sox : LHP Wayne Craig
Batting: RHB Yong-oon Yi 0-0: Called Strike
0-1: Swinging Strike
0-2: Ball
1-2: Strikes out swinging
Batting: LHB Do-hyung Nam 0-0: Called Strike
0-1: Swinging Strike
0-2: Ground out 4-3 (Groundball, 34)
Batting: RHB Pepe Gómez 0-0: Ball
1-0: Ground out 4-3 (Groundball, 4)
Top of the 7th over - 0 run(s), 0 hit(s), 0 error(s), 0 left on base; Columbus 0 - Chicago 4
BOTTOM OF THE 7TH
Chicago Gold Sox batting - Pitching for Columbus Tidal Waves : RHP Luis Fernández
Pitching: RHP Bill Jensen
Batting: RHB Daniel Lallanilla 0-0: Ball
1-0: Called Strike
1-1: Ball
2-1: Ball
3-1: Ground out 6-3 (Groundball, 6)
Batting: RHB Pablo Trujillo 0-0: Ground out 6-3 (Groundball, 6)
Batting: RHB Chris Smith 0-0: SOLO HOME RUN (Flyball, 8LXD), Distance : 438 ft
Batting: LHB Herman Hayes 0-0: Fly out, F8 (Flyball, 8LD)
Bottom of the 7th over - 1 run(s), 1 hit(s), 0 error(s), 0 left on base; Columbus 0 - Chicago 5
TOP OF THE 8TH
Columbus Tidal Waves batting - Pitching for Chicago Gold Sox : LHP Wayne Craig
Now in LF: Adrián Rodríguez
Batting: SHB Todd Schenkel 0-0: Ball
1-0: DOUBLE (Line Drive, 78D)
Batting: RHB Joaquín Parra 0-0: Called Strike
0-1: Ball
1-1: Ball
2-1: Swinging Strike
2-2: Ball
3-2: Strikes out looking
Pinch Hitting: LHB Trent Kershaw 0-0: Foul Ball, location: 2F
0-1: Ball
1-1: Swinging Strike
1-2: Ball
2-2: Strikes out swinging
Batting: RHB Joseph Pate 0-0: Called Strike
0-1: Swinging Strike
0-2: Ball
1-2: Strikes out swinging
Top of the 8th over - 0 run(s), 1 hit(s), 0 error(s), 1 left on base; Columbus 0 - Chicago 5
BOTTOM OF THE 8TH
Chicago Gold Sox batting - Pitching for Columbus Tidal Waves : RHP Bill Jensen
Pitching: RHP Joe Johnson
Batting: LHB Noel Ballard 0-0: Ball
1-0: SINGLE (Line Drive, 3D)
Batting: RHB Tyrone Scott 0-0: Ball
1-0: Foul Ball, location: 2F
1-1: Ball
2-1: Ball
3-1: Base on Balls
Noel Ballard to second
Batting: RHB John Farrell 0-0: Ball
1-0: Ball
2-0: Swinging Strike
2-1: Foul Ball, location: 2F
2-2: Foul Ball, location: 2F
2-2: Ball
3-2: Foul Ball, location: 2F
3-2: Foul Ball, location: 2F
3-2: Strikes out swinging
Batting: RHB José Ramos 0-0: Foul Ball, location: 2F
0-1: Ball
1-1: SINGLE (Line Drive, 6M)
Noel Ballard to third
Tyrone Scott to second
Runner from 3rd tries for Home, SAFE, no throw or cutoff
Pinch Hitting: RHB Craig Stewart 0-0: Foul Ball, location: 2F
0-1: Foul Ball, location: 2F
0-2: Grounds into double play, U6-3 (Groundball, 6M)
Bottom of the 8th over - 1 run(s), 2 hit(s), 0 error(s), 1 left on base; Columbus 0 - Chicago 6
TOP OF THE 9TH
Columbus Tidal Waves batting - Pitching for Chicago Gold Sox : LHP Wayne Craig
Pitching: RHP Gene Kirkland
Batting: RHB Florian Cesaresco 0-0: Called Strike
0-1: Ball
1-1: Swinging Strike
1-2: Strikes out looking
Batting: RHB Cale Sutton 0-0: Called Strike
0-1: SINGLE (Groundball, 56)
Batting: RHB Yong-oon Yi 0-0: Ball
1-0: Ball
2-0: Ball
3-0: Base on Balls
Cale Sutton to second
Batting: LHB Do-hyung Nam 0-0: Fielders Choice at 2nd, 3-6 (Groundball, 3)
Cale Sutton to third
Batting: RHB Pepe Gómez 0-0: Fly out, F9 (Flyball, 89S)
Top of the 9th over - 0 run(s), 1 hit(s), 0 error(s), 2 left on base; Columbus 0 - Chicago 6
This league is powered by Out of the Park Baseball, the baseball management simulation game for PC, Mac and Linux
Saturday, July 25th, 2015 - OOTP Baseball 15.6 Build 34